 Dungeon Crawl Stone Soup version 0.21.1-1-g345015fe64 (webtiles) character file.

179 HessuHobo the Slasher (level 5, -2/41 HPs)
             Began as a Human Fighter on May 23, 2018.
             Slain by an orc priest
             ... wielding a +0 whip
              (4 damage)
             ... on level 4 of the Dungeon.
             The game lasted 00:04:47 (4035 turns).

HessuHobo the Slasher (Human Fighter)               Turns: 4035, Time: 00:04:47

Health: -2/41      AC:  5    Str: 21    XL:     5   Next: 90%
Magic:  5/5        EV:  8    Int:  8    God:
Gold:   137        SH:  0    Dex: 14    Spells: 4/4 levels left

rFire    x . .     SeeInvis .   a - +0 long sword
rCold    + . .     Gourm    .   c - +0 shield
rNeg     + . .     Faith    .   l - +0 leather armour {rN+}
rPois    .         Spirit   .   u - +0 helmet
rElec    .         Reflect  .   (no cloak)
rCorr    .         Harm     .   (no gloves)
MR       .....                  j - +0 pair of boots
Stlth    +.........             (no amulet)
HPRegen  0.13/turn              g - ring of ice
MPRegen  0.09/turn              (no ring)

@: confused, mighty
A: no striking features
a: no special abilities


You were on level 4 of the Dungeon.
You were not hungry.

You visited 1 branch of the dungeon, and saw 4 of its levels.

You collected 137 gold pieces.

Inventory:

Hand Weapons
 a - a +0 long sword (weapon)
Armour
 b - a +0 scale mail
 c - a +0 shield (worn)
 j - a +0 pair of boots (worn)
 l - a +0 leather armour of positive energy (worn)
 u - a +0 helmet (worn)
Jewellery
 g - a ring of ice (left hand)
 o - a +5 ring of evasion {unknown}
 q - an uncursed ring of magical power {unknown}
Wands
 k - a wand of random effects (22)
 n - a wand of digging (16)
Scrolls
 e - 4 scrolls of remove curse
 h - 4 scrolls of identify
 s - a scroll of amnesia
Potions
 m - a potion of curing {unknown}
 p - a potion of lignification {unknown}
 t - a potion of agility {unknown}
Comestibles
 f - 5 rations


   Skills:
 + Level 3.4 Fighting
 * Level 4.2 Long Blades
 * Level 4.0 Armour
 + Level 3.4 Shields


You had 4 spell levels left.
You didn't know any spells.

Dungeon Overview and Level Annotations

Branches:
Dungeon (4/15)
 Temple: D:4-7

Altars:
Kikubaaqudgha
Uskayaw
Wu Jian
Xom


Message History

* * * LOW HITPOINT WARNING * * *
The orc hits you but does no damage.
You barely miss something. You block the frilled lizard's attack.
The orc priest hits you but does no damage.
You hear some strange, mumbled words.
You are confused.
The orc barely misses you.
You completely miss something.
The frilled lizard bites you but does no damage.
The orc priest hits you with a whip.
* * * LOW HITPOINT WARNING * * *
Something hits you.
* * * LOW HITPOINT WARNING * * *
The orc hits you.
* * * LOW HITPOINT WARNING * * *
The frilled lizard barely misses you. The orc priest completely misses you.
Your shield prevents you from hitting the orc.
Something hits you but does no damage. The orc hits you but does no damage.
The orc priest hits you with a whip.
You die...

.#.#######.###
.............#
....######.#.# #
##..# ##...###
.# ...# #......#
..# ..#
#.##.#.#####$..#
.#
#.##.#.#........
#......{ol......
#.##.#.#@o......
#.#.#####...#
.<..# ..# .###.#
# .. #.# #. ..#
..


You could see an orc priest, an orc and a frilled lizard.

Vanquished Creatures
  An orc wizard (D:3)
  6 adders
  An ooze (D:1)
  3 worms (D:2)
  4 dart slugs
  A leopard gecko (D:1)
  6 orcs
  4 giant cockroaches
  11 goblins
  2 hobgoblins
  A quokka (D:2)
  3 ball pythons
  12 bats
  2 frilled lizards (D:1)
  8 kobolds
  8 rats
73 creatures vanquished.

Notes
Turn   | Place    | Note
-------+----------+-------------------------------------------
     0 | D:1      | HessuHobo the Human Fighter began the quest for the Orb.
     0 | D:1      | Reached XP level 1. HP: 18/18 MP: 1/1
   104 | D:1      | Reached XP level 2. HP: 14/24 MP: 2/2
   313 | D:1      | Reached XP level 3. HP: 29/29 MP: 3/3
  1063 | D:2      | Reached XP level 4. HP: 25/35 MP: 4/4
  2364 | D:2      | Reached XP level 5. HP: 40/41 MP: 5/5
  2705 | D:2      | Found an ancient bone altar of Kikubaaqudgha.
  2708 | D:2      | Found an ornate altar of the Wu Jian Council.
  2711 | D:2      | Found a shimmering altar of Xom.
  2927 | D:3      | Found a hide-covered altar of Uskayaw.
  2933 | D:3      | Noticed a dagger
  2934 | D:3      | Noticed a hand axe
  4034 | D:4      | HP: 2/41 [orc (4)]
  4035 | D:4      | Slain by an orc priest

Skill      XL: |  1  2  3  4  5 |
---------------+----------------+-----
Long Blades    | 3 4 |  4.2
Armour         | 4 |  4.0
Fighting       | |  3.4
Shields        | |  3.4

Action                   |  1- 3 |  4- 6 || total
-------------------------+-------+-------++-------
Melee: Long sword        |   126 |   129 ||   255
  Use: Scroll            |     3 |     4 ||     7
       Potion            |       |     4 ||     4
 Stab: Sleeping          |       |     2 ||     2
  Eat: Chunk             |       |    10 ||    10
Armor: Scale mail        |    86 |       ||    86
       Leather armour    |     4 |    51 ||    55
Dodge: Dodged            |    46 |    69 ||   115
Block: Shield            |    69 |    52 ||   121
       Rpst.: Long sword |    10 |    16 ||    26
